 Dungeon Crawl Stone Soup version 0.19.1-1-g22dce08 (webtiles) character file.

7388 Alarkh the Spear-Bearer (level 10, -4/76 HPs)
             Began as a Mummy Necromancer on Jan 10, 2017.
             Was a High Priest of Okawaru.
             Slain by a shadow (20 damage)
             ... on level 10 of the Dungeon.
             The game lasted 00:28:13 (11610 turns).

Alarkh the Spear-Bearer (Mummy Necromancer)        Turns: 11610, Time: 00:28:15

Health: -4/76      AC: 11    Str: 11    XL:     10   Next: 92%
Magic:  19/19      EV: 20    Int: 19    God:    Okawaru [*****.]
Gold:   311        SH:  5    Dex: 17    Spells: 3 memorised, 13 levels left

rFire  x . .     SeeInvis .     g - +10 scythe of Eruked {speed, MR+ Stlth+}
rCold  + . .     Gourm    .     v - +1 troll leather armour
rNeg   + + +     Faith    .     (shield currently unavailable)
rPois  ∞         Spirit   .     l - +1 helmet
rElec  .         Reflect  +     B - +1 cloak {+Inv}
rCorr  .         Harm     .     n - +0 pair of gloves
MR     ++...                    i - +0 pair of boots
Stlth  +++.......               y - +5 amulet of reflection
                                C - +5 ring of evasion
                                s - +5 ring of dexterity

@: no status effects
A: no food or potions, fire vulnerability, cold resistance 1, negative energy
resistance 3, torment resistance, unbreathing
a: Heroism, Finesse, Renounce Religion, Evoke Invisibility


You were on level 10 of the Dungeon.
You worshipped Okawaru.
Okawaru was extremely pleased with you.
You were not hungry.

You visited 2 branches of the dungeon, and saw 11 of its levels.
You visited the Abyss 1 time.
You also visited: Ossuary.

You collected 543 gold pieces.
You spent 232 gold pieces at shops.

Inventory:

Hand Weapons
 d - a +0 spear
 g - the +10 scythe of Eruked (weapon) {speed, MR+ Stlth+}
   (You bought it in a shop on level 9 of the Dungeon)

   Attacks with this weapon are significantly faster.
   It affects your resistance to hostile enchantments.
   It makes you more stealthy.
 o - a +0 quarterstaff of draining
Missiles
 u - a throwing net (quivered)
Armour
 a - a +0 robe
 i - a +0 pair of boots (worn)
 l - a +1 helmet (worn)
 n - a +0 pair of gloves (worn)
 p - a +2 ring mail of magic resistance
 v - a +1 troll leather armour (worn)
 B - a +1 cloak of invisibility (worn)
Jewellery
 k - an uncursed ring of stealth
 r - a +3 ring of dexterity
 s - a +5 ring of dexterity (left hand)
 y - a +5 amulet of reflection (around neck)
 A - an uncursed ring of protection from magic
 C - a +5 ring of evasion (right hand)
Wands
 m - a wand of random effects (20/48)
 t - a wand of disintegration (15/24)
 w - a wand of iceblast (6/15)
 D - a wand of flame (40/48)
Scrolls
 c - 2 scrolls of fog
 e - a scroll of identify
 f - 7 scrolls of remove curse
 h - a scroll of noise
 j - 3 scrolls of amnesia
 q - 2 scrolls of enchant weapon
Books
 b - a book of Necromancy

   Spells                             Type                      Level
   a - Pain                           Necromancy                   1
   b - Animate Skeleton               Necromancy                   1
   c - Vampiric Draining              Necromancy                   3
   d - Regeneration                   Charms/Necromancy            3
   e - Animate Dead                   Necromancy                   4
   f - Control Undead                 Necromancy                   4


   Skills:
 + Level 5.8 Fighting
 * Level 9.3 Polearms
 + Level 5.3 Dodging
 - Level 1.5 Stealth
 - Level 6.0 Spellcasting
 - Level 8.1 Necromancy


You had 13 spell levels left.
You knew the following spells:

 Your Spells              Type           Power        Failure   Level  Hunger
a - Vampiric Draining     Necr           #####.....   1%          3    N/A
b - Control Undead        Necr           #####.....   6%          4    N/A
e - Pain                  Necr           ####         1%          1    N/A

Dungeon Overview and Level Annotations

Branches:
Dungeon (10/15)            Temple (1/1) D:6
   Lair: D:8-11         Orc: D:9-12

Altars:
Cheibriados
Dithmenos
Elyvilon
Fedhas
Gozag
Hepliaklqana
Kikubaaqudgha
Makhleb
Nemelex Xobeh
Okawaru
Qazlal
Ru
Sif Muna
Trog
Uskayaw
Vehumet
Xom
Yredelemnul
Zin
The Shining One

Shops:
D:6 ?!   D:7 (   D:9 (

Annotations:
D:1 exclusion: downstairs
D:6 exclusion: downstairs, Atlantean's ghost, novice GrFi


Innate Abilities, Weirdness & Mutations

You do not eat or drink.
Your flesh is vulnerable to fire.
You are immune to poison.
Your flesh is cold resistant. (rC+)
You are immune to negative energy. (rN+++)
You are immune to unholy pain and torment.
You can survive without breathing.


Message History

The hound stops to sniff the ground.
The jackal bites you.
* * * LOW HITPOINT WARNING * * *
The jackal misses you.
The jackal bites you but does no damage.
The shadow slips into darkness.
The shadow flickers and vanishes!
Deactivating autopickup; reactivate with Ctrl-A.
The jackal barely misses you. The jackal closely misses you.
You open the door. The jackal completely misses you.
There is an open door here.
The jackal barely misses you.
You open the door. The jackal completely misses you.
There is an open door here.
The hound closely misses you. The hound misses you.
The hound barely misses you.
The shadow strikes at you from the darkness!
You die...

.....h###.........!#######..####
......'.'....(..................
......###..........#.........# ..
......###..≈..((≈..#......(..# ..
......##...........#..)......##.≈
......##.......≈......##.##.....≈
########......≈≈......#%%%#......
##.....h{...#..#%(%#.....#
#....).h@..#..#%§%#).....
#.....≈≈≈..#.)#####).<...
#..............§.§.†.^...
#.......≈...........(.(..
####....≈...≈..##..(.....
#..........###........
#......≈...# #........
#......≈...# #######.. #.


You could see a hound and a jackal.

Vanquished Creatures
  A yellow draconian (Abyss:1)
  2 tengu warriors
  Sonja (D:10)
  Pikel (D:5)
  2 smoke demons (Abyss:1)
  An ancient zyme (Abyss:1)
  A troll (D:9)
  A merfolk (D:10)
  Prince Ribbit (D:9)
  A hippogriff (D:10)
  A spriggan (D:10)
  Sigmund (D:2)
  A hungry ghost (D:9)
  2 slaves (D:5)
  A small abomination (Abyss:1)
  An ice beast (D:7)
  An orc warrior (D:7)
  2 sky beasts
  2 black bears
  7 ogres
  A phantom (D:5)
  A centaur (D:5)
  6 bullfrogs
  4 scorpions
  A water moccasin skeleton (D:9)
  A wight (Ossuary)
  A howler monkey (D:9)
  3 crimson imps
  3 jellies
  2 quasits
  Crazy Yiuf (D:6)
  2 hounds
  An orc priest (D:6)
  A bullfrog skeleton (D:8)
  A centaur skeleton (D:3)
  9 orc wizards
  An iguana (D:4)
  5 worker ants
  2 hound skeletons
  A worker ant zombie (D:6)
  A howler monkey skeleton (D:9)
  Robin (D:2)
  10 gnolls
  10 adders
  A shadow imp (D:6)
  An ooze (D:4)
  An adder zombie (Ossuary)
  3 worms
  A dart slug (D:2)
  4 leopard geckos
  25 orcs
  4 ball pythons
  6 bats
  7 giant cockroaches
  10 hobgoblins
  5 jackals
  5 kobolds
  7 quokkas
  A ball python skeleton (Ossuary)
  6 frilled lizards
  8 goblins
  A hobgoblin skeleton (Ossuary)
  A hobgoblin zombie (Ossuary)
  2 orc skeletons (Ossuary)
  3 orc zombies (Ossuary)
  2 quokka skeletons
  10 rats
214 creatures vanquished.

Vanquished Creatures (collateral kills)
  2 wraiths (Ossuary)
  A wight (Ossuary)
3 creatures vanquished.

Grand Total: 217 creatures vanquished

Notes
Turn   | Place    | Note
-------+----------+-------------------------------------------
     0 | D:1      | Alarkh the Mummy Necromancer began the quest for the Orb.
     0 | D:1      | Reached XP level 1. HP: 13/13 MP: 3/3
    28 | D:1      | Found an iron altar of Okawaru.
    35 | D:1      | Became a worshipper of Warmaster Okawaru
   261 | D:1      | Reached XP level 2. HP: 19/19 MP: 5/5
   611 | D:2      | Reached XP level 3. HP: 17/24 MP: 0/6
   814 | D:1      | Learned a level 3 spell: Vampiric Draining
   935 | D:2      | Reached skill level 5 in Necromancy
   984 | D:2      | Found a snail-covered altar of Cheibriados.
   984 | D:2      | Found a shimmering altar of Xom.
   984 | D:2      | Found a basalt altar of Yredelemnul.
   984 | D:2      | Found a white marble altar of Elyvilon.
   984 | D:2      | Found a blossoming altar of Fedhas.
   985 | D:2      | Found an iron altar of Okawaru.
   985 | D:2      | Found a radiant altar of Vehumet.
  1048 | D:2      | Reached XP level 4. HP: 30/30 MP: 8/8
  1132 | D:2      | Noticed Robin
  1141 | D:2      | Killed Robin
  1419 | D:2      | Noticed Sigmund
  1609 | D:2      | Killed Sigmund
  1609 | D:2      | Reached * piety under Okawaru
  1609 | D:2      | Reached skill level 1 in Polearms
  1609 | D:2      | Reached XP level 5. HP: 35/35 MP: 1/10
  2056 | D:3      | Reached XP level 6. HP: 41/41 MP: 9/11
  2204 | D:3      | Found a faded altar of an unknown god.
  2216 | D:3      | Reached ** piety under Okawaru
  2772 | D:4      | Reached skill level 2 in Polearms
  3093 | D:4      | Reached XP level 7. HP: 46/46 MP: 8/13
  3597 | D:4      | Reached skill level 3 in Polearms
  3647 | D:5      | Entered Level 5 of the Dungeon
  4077 | D:5      | Noticed Pikel
  4098 | D:5      | Killed Pikel
  4098 | D:5      | Reached *** piety under Okawaru
  4098 | D:5      | Reached skill level 4 in Polearms
  4098 | D:5      | Reached skill level 5 in Spellcasting
  4098 | D:5      | Reached XP level 8. HP: 39/52 MP: 13/16
  4498 | D:5      | Reached **** piety under Okawaru
  4864 | D:6      | Reached skill level 5 in Polearms
  4884 | D:6      | Found an opulent altar of Gozag.
  4906 | D:6      | Found a staircase to the Ecumenical Temple.
  4925 | Temple   | Entered the Ecumenical Temple
  4931 | Temple   | Learned a level 4 spell: Control Undead
  5275 | D:6      | Found a sacrificial altar of Ru.
  5282 | D:6      | Noticed Atlantean's ghost (novice GrFi)
  5359 | D:7      | Reached XP level 9. HP: 40/57 MP: 3/18
  5413 | D:7      | Found a sand-covered staircase.
  5442 | Ossuary  | Entered an ossuary
  5934 | Ossuary  | Was placed under penance by Okawaru
  5934 | Ossuary  | Reached skill level 1 in Fighting
  5934 | Ossuary  | Reached skill level 6 in Polearms
  6525 | D:7      | Found Citan's Weapon Shoppe.
  6925 | D:6      | Was forgiven by Okawaru
  6926 | D:6      | Noticed a tengu warrior
  6926 | D:6      | Noticed a tengu warrior
  7131 | D:6      | Found a runed door.
  7135 | D:6      | Noticed Crazy Yiuf
  7144 | D:6      | Killed Crazy Yiuf
  7321 | D:6      | Found Tuuscheat's Magic Scroll Shoppe.
  7439 | D:6      | Found Vymm's Distillery.
  7680 | D:7      | Killed a tengu warrior
  8186 | D:6      | Killed a tengu warrior
  8470 | D:6      | Found a deep blue altar of Sif Muna.
  8617 | D:6      | Reached skill level 7 in Polearms
  9051 | D:7      | Found a hazy altar of Hepliaklqana.
 10275 | D:9      | Noticed Prince Ribbit
 10286 | D:9      | Killed Prince Ribbit
 10290 | D:9      | Noticed a troll
 10531 | D:9      | Reached XP level 10. HP: 71/71 MP: 19/19
 10771 | D:9      | Found Qophyggeavu's Antique Weapon Shoppe.
 10777 | D:9      | Bought a pitted scythe for 232 gold pieces
 10777 | D:9      | Identified the +10 scythe of Eruked {speed, MR+ Stlth+} (You bought it in a shop on level 9 of the Dungeon)
 11182 | D:7      | Reached skill level 8 in Polearms
 11215 | D:10     | Entered Level 10 of the Dungeon
 11261 | D:10     | Noticed Sonja
 11265 | D:10     | Cast into level 1 of the Abyss (Sonja)
 11265 | Abyss:1  | Found a corrupted altar of Lugonu.
 11458 | Abyss:1  | Noticed a smoke demon
 11467 | Abyss:1  | Killed a smoke demon
 11471 | Abyss:1  | Noticed a yellow draconian
 11489 | Abyss:1  | Killed a yellow draconian
 11489 | Abyss:1  | Reached skill level 5 in Fighting
 11496 | Abyss:1  | Reached skill level 9 in Polearms
 11496 | Abyss:1  | Reached skill level 5 in Dodging
 11498 | Abyss:1  | Noticed a guardian serpent
 11536 | Abyss:1  | Found a corrupted altar of Lugonu.
 11546 | Abyss:1  | Noticed a tentacled starspawn
 11546 | Abyss:1  | Noticed a wretched star
 11557 | Abyss:1  | Noticed a smoke demon
 11572 | Abyss:1  | Killed a smoke demon
 11575 | D:10     | Escaped the Abyss
 11586 | D:10     | Killed Sonja
 11586 | D:10     | Reached ***** piety under Okawaru
 11610 | D:10     | Slain by a shadow

Skill      XL: |  1  2  3  4  5  6  7  8  9 10 |
---------------+-------------------------------+-----
Necromancy     | 5 6 7 8 |  8.1
Spellcasting   | 3 4 5 6 |  6.0
Polearms       | 1 2 4 5 7 9 |  9.3
Fighting       | 3 5 |  5.8
Dodging        | 3 5 |  5.3
Stealth        | |  1.5

Action                   |  1- 3 |  4- 6 |  7- 9 | 10-12 || total
-------------------------+-------+-------+-------+-------++-------
Melee: Spear             |    25 |    60 |   570 |    76 ||   731
       Quarterstaff      |       |    28 |   154 |       ||   182
       Scythe            |       |       |       |    84 ||    84
 Cast: Pain              |    54 |    72 |    53 |       ||   179
       Vampiric Draining |     1 |     1 |    76 |     5 ||    83
       Control Undead    |       |       |     9 |       ||     9
Invok: Heroism           |       |       |     2 |     5 ||     7
Evoke: Wand              |       |       |     3 |     1 ||     4
  Use: Scroll            |       |     3 |     7 |     2 ||    12
 Stab: Sleeping          |     3 |     3 |    24 |     6 ||    36
       Distracted        |       |     1 |     2 |     1 ||     4
Armor: Robe              |     6 |    25 |   158 |    18 ||   207
       Troll leather arm |       |       |       |    16 ||    16
Dodge: Dodged            |    19 |    73 |   401 |   107 ||   600
Block: Other             |       |       |    82 |    32 ||   114
       Reflection        |       |       |       |     2 ||     2
